 Dungeon Crawl Stone Soup version 0.31.0-32-g396128a36d (webtiles) character file.

Game seed: 7138776330235901910

119 booth the Chopper (level 5, 0/47 HPs)
             Began as a Hill Orc Monk on Mar 27, 2024.
             Slain by Pargi (1 damage)
             ... in a sewer on Mar 28, 2024.
             The game lasted 00:09:44 (1402 turns).

booth the Chopper (Hill Orc Monk)                   Turns: 1402, Time: 00:09:45

Health: 0/47       AC:  3    Str: 16    XL:     5   Next: 3%
Magic:  5/5        EV: 12    Int: 10    God:
Gold:   27         SH:  0    Dex: 13    Spells: 4/4 levels left

rFire   . . .        a - +0 hand axe
rCold   . . .        d - orb {light}
rNeg    . . .        i - +0 leather armour
rPois   +            (no helmet)
rElec   .            (no cloak)
rCorr   .            (no gloves)
SInv    .            (no boots)
Will    .....        (no amulet)
Stlth   +            j - ring of poison resistance
HPRegen 0.27/turn    (no ring)
MPRegen 0.09/turn

%: no passive effects
@: glowing
A: no striking features
a: no special abilities


You were in a sewer.
You visited 1 branch of the dungeon, and saw 4 of its levels.
You also visited: Sewer.

You collected 79 gold pieces.
You spent 52 gold pieces at shops.

Inventory:

Hand Weapons
 a - a +0 hand axe (weapon)
Missiles
 b - a poisoned dart (quivered)
Armour
 d - an orb of light (worn)
 i - a +0 leather armour (worn)
Jewellery
 j - a ring of poison resistance (left hand)
Scrolls
 g - 2 scrolls of teleportation
 h - a scroll of amnesia {unknown}
 k - a scroll of blinking {unknown}
 m - a scroll of silence {unknown}
Potions
 e - 3 potions of enlightenment
 f - a potion of berserk rage
 l - a potion of lignification {unknown}


   Skills:
 + Level 4.6 Fighting
 * Level 5.8 Axes
 + Level 3.1 Dodging


You had 4 spell levels left.
You didn't know any spells.
Your spell library contained the following spells:

 Spells                   Type           Power      Damage    Failure   Level
 Freeze                   Ice            0%         1d3       43%         1
 Static Discharge         Conj/Air       0%         3-3/arc   56%         2
 Frozen Ramparts          Ice            0%         1d1       80%         3
 Hailstorm                Conj/Ice       0%         3d5       80%         3
 Inner Flame              Hex/Fire       0%         N/A       80%         3
 Airstrike                Air            0%         2d(0-16)  99%         4
 Flame Wave               Conj/Fire      0%         2d4       99%         4
 Sticky Flame             Fire/Alch      0%         2d4       99%         4
 Summon Lightning Spire   Summ/Air       0%         N/A       99%         4


Dungeon Overview and Level Annotations

Branches:
Dungeon (4/15)              Sewer (1/1)
 Temple: D:4-7

Altars:
Jiyva

Shops:
D:1 ?

Annotations:
D:1 2 runed translucent doors Sewer Pargi


Message History

You throw a poisoned dart. The poisoned dart hits Pargi.
Pargi is almost dead.
Pargi bites you.
* * * LOW HITPOINT WARNING * * *
Pargi barely misses you. Pargi closely misses you.
You are confused.
You feel invigorated. Pargi bites you!
* * * LOW HITPOINT WARNING * * *
Pargi barely misses you. Pargi misses you.
You bump into the stone wall.
Pargi bites you.
* * * LOW HITPOINT WARNING * * *
Pargi claws you.
* * * LOW HITPOINT WARNING * * *
Pargi closely misses you.
You're too confused to move!
Pargi bites you.
* * * LOW HITPOINT WARNING * * *
Pargi closely misses you. Pargi barely misses you.
You bump into the stone wall.
Pargi closely misses you. Pargi claws you.
* * * LOW HITPOINT WARNING * * *
Pargi closely misses you.
You bump into the stone wall.
You feel less invigorated.
You feel less confused. Pargi barely misses you.
Pargi claws you but does no damage. Pargi claws you.
* * * LOW HITPOINT WARNING * * *
You hit Pargi.
Pargi is severely wounded.
Pargi bites you but does no damage. Pargi claws you.
* * * LOW HITPOINT WARNING * * *
Pargi closely misses you.
You hit Pargi.
Pargi is severely wounded.
Pargi bites you.
* * * LOW HITPOINT WARNING * * *
Pargi claws you.
* * * LOW HITPOINT WARNING * * *
Pargi claws you but does no damage.
You hit Pargi.
Pargi is severely wounded.
Pargi barely misses you. Pargi completely misses you. Pargi claws you.
You die...

#..≈≈≈..#
#.≈≈≈≈≈.#
#..≈≈≈..#
#...≈...#
##.....##
##...## ##.##
#†# #@# #T# #.#
. #.#
....####(#######
....T!...†.....∩
....####.#######
. #(# #.#


You could see Pargi.

Vanquished Creatures
  A brain worm (Sewer)
  2 dart slugs
  3 giant cockroaches (D:1)
  2 goblins
  4 hobgoblins (D:1)
  2 jackals (D:2)
  9 kobolds
  A quokka (D:1)
  4 ball pythons (D:1)
  9 bats
  4 frilled lizards
  5 rats
46 creatures vanquished.

Notes
Turn   | Place    | Note
-------+----------+-------------------------------------------
     0 | D:1      | booth the Hill Orc Monk began the quest for the Orb.
     0 | D:1      | Reached XP level 1. HP: 19/19 MP: 1/1
    84 | D:1      | Reached XP level 2. HP: 26/27 MP: 2/2
   152 | D:1      | Found a large runed translucent door.
   152 | D:1      | Found a large runed translucent door.
   218 | D:1      | Found a viscous altar of Jiyva.
   427 | D:1      | Reached XP level 3. HP: 33/33 MP: 3/3
   740 | D:1      | Found Saeraopp's Magic Scroll Shoppe.
   747 | D:1      | Bought 2 scrolls of identify for 52 gold pieces
  1176 | D:2      | You fall into a shaft and drop 2 floors!
  1214 | D:3      | Found a glowing drain.
  1219 | Sewer    | Entered a sewer
  1225 | Sewer    | Reached skill level 5 in Axes
  1250 | Sewer    | Noticed a brain worm
  1267 | Sewer    | Killed a brain worm
  1268 | Sewer    | Reached XP level 4. HP: 20/41 MP: 2/4
  1268 | Sewer    | Reached XP level 5. HP: 22/47 MP: 2/5
  1372 | Sewer    | Noticed Pargi
  1401 | Sewer    | HP: 1/47 [Pargi (4)]
  1402 | Sewer    | Slain by Pargi

Illustrated notes

Levels and vault maps discovered:
D:1:      erik_arrival_cave_to_civilisation [erik_arrival_cave_to_temple],
          layout_basic, serial_shops, shop
D:2:      layout_basic, serial_glass, glass_columns_a, glass_columns_a,
          minmay_strange_pillars, uniq_crazy_yiuf_cottage
D:3:      layout_basic, nemelex_xobeh_ov_fountains_minmay, gup_sewer_entry_bowl,
          serial_bayou_crossing
D:4:      layout_loops_corners, mainiacjoe_overflow_alcove_1,
          chequers_temple_overflow_minitemple, serial_shops, shop,
          nicolae_zig_zag_zippers
Sewer:    sewer_big_baddie

Skill      XL: |  1  2  3 |
---------------+----------+-----
Fighting       | 4 |  4.6
Axes           | 5 |  5.8
Dodging        | 3 |  3.1

Action                     |  1- 3 |  4- 6 || total
---------------------------+-------+-------++-------
  Melee: Hand axe          |   122 |    15 ||   137
  Throw: Dart              |     5 |     5 ||    10
    Use: Scroll            |     2 |       ||     2
         Potion            |       |     1 ||     1
 Armour: Robe              |    39 |       ||    39
         Leather armour    |    34 |    37 ||    71
  Dodge: Dodged            |    81 |    27 ||   108
